 Dungeon Crawl Stone Soup version 0.19.0-23-gf02e663 (webtiles) character file.

153 Larett the Cutter (level 5, -13/32 HPs)
             Began as a Gargoyle Berserker on Nov 20, 2016.
             Was a Follower of Elyvilon.
             Mangled by a polar bear (16 damage)
             ... created by the rage of Trog
             ... on level 3 of the Dungeon.
             The game lasted 00:05:59 (2267 turns).

Larett the Cutter (Gargoyle Berserker)              Turns: 2267, Time: 00:06:00

Health: -13/32     AC:  7    Str: 20    XL:     5   Next: 35%
Magic:  4/5        EV: 10    Int:  8    God:    Elyvilon [*.....]
Gold:   107        SH:  4    Dex: 10    Spells: 0 memorised, 4 levels left

rFire  . . .     SeeInvis +     a - +2 dagger (flame)
rCold  + . .     Gourm    .     v - +0 scale mail
rNeg   + . .     Faith    .     (no shield)
rPois  ∞         Spirit   .     (no helmet)
rElec  +         Reflect  .     (no cloak)
rCorr  .         Harm     .     (no gloves)
MR     .....                    (no boots)
Stlth  ..........               (no amulet)
                                d - ring of see invisible
                                m - ring of flight

@: protection
A: large bone plates 1, cold resistance 1, deformed body, negative energy
resistance 1, electricity resistance, unbreathing, petrification resistance, rot
immunity, AC +4
a: Lesser Healing, Divine Protection, Renounce Religion, Evoke Flight


You were on level 3 of the Dungeon.
You worshipped Elyvilon.
Elyvilon was aware of your devotion.
You were not hungry.

You visited 1 branch of the dungeon, and saw 3 of its levels.

You collected 107 gold pieces.

Inventory:

Hand Weapons
 a - a +2 dagger of flaming (weapon)
 b - a +2 hand axe of flaming
 h - a +0 mace
Missiles
 f - 5 poisoned needles
 i - 122 stones (quivered)
 l - a throwing net
Armour
 u - a +0 scale mail
 v - a +0 scale mail (worn)
Jewellery
 d - a ring of see invisible (right hand)
 m - a ring of flight (left hand)
Wands
 r - a wand of iceblast (10/15)
Scrolls
 e - a scroll of fog
 y - a scroll of magic mapping
 z - a scroll of random uselessness {unknown}
Potions
 j - a potion of lignification {unknown}
 k - a potion of curing {unknown}
 o - a potion of agility {unknown}
 s - 2 potions of flight {unknown}
 x - a potion of haste {unknown}
Comestibles
 c - 3 bread rations
 g - 2 beef jerkies
 n - 2 meat rations
 p - a royal jelly
 q - a slice of pizza
 w - 2 chunks of flesh {@w1}


   Skills:
 - Level 3.2 Fighting
 + Level 4.2 Short Blades
 - Level 3.3 Maces & Flails
 - Level 2.1 Armour
 - Level 1.5 Dodging


You had 4 spell levels left.
You didn't know any spells.

Dungeon Overview and Level Annotations

Branches:
Dungeon (3/15)

Altars:
Elyvilon
Nemelex Xobeh
Trog


Innate Abilities, Weirdness & Mutations

You are resistant to torment.
Your stone body is resilient. (AC +4)
You are immune to poison.
You resist negative energy. (rN+)
You are resistant to electric shocks. (rElec)
You can survive without breathing.
You are immune to petrification.
You are immune to rotting.
You are partially covered in large bone plates. (SH +4)
Your flesh is cold resistant. (rC+)
Armour fits poorly on your strangely shaped body.


Message History

The polar bear claws you.
* * * LOW HITPOINT WARNING * * *
You are healed.
You feel somewhat more hungry. The black bear barely misses you.
The black bear claws you.
* * * LOW HITPOINT WARNING * * *
The black bear claws you.
* * * LOW HITPOINT WARNING * * *
The polar bear closely misses you. x2; The polar bear barely misses you.
The polar bear misses you. The polar bear barely misses you.
The polar bear claws you but does no damage.
Okay, then.
As you read the scroll labeled HEOFUCK YHOWI, it crumbles to dust.
You assume a fearsome visage.
It was a scroll of fear.
The black bear closely misses you. The black bear claws you.
* * * LOW HITPOINT WARNING * * *
The black bear claws you.
* * * LOW HITPOINT WARNING * * *
The polar bear bites you!
Ouch! That really hurt!
You die...

.......#+#####.########
##..................!..
.#...........#.#########
.#...........#.#.......#
.####........#.#.#####)#
...........#.#.#.# #.#
...............#.# #.#
...............#h# #.#
.#####+#.#.....#9#####.#
.#
#...#.....#hhh..#.########
.#
##..#.....#h###.#........#
.#
#..###.#.#...#.#<.......#
.######..#
#.#)#.#.#.##########
.....###.#
#.#.............. .###.#
#.# #.#........######
.#...# #># #.#...........
.#.### ### #.#........####


You could see 2 polar bears and 3 black bears.

Vanquished Creatures
  Ijyb (D:2)
  A worker ant (D:3)
  3 adders
  A worm (D:3)
  7 dart slugs
  2 leopard geckos
  An orc (D:3)
  2 ball pythons (D:3)
  3 giant cockroaches
  7 goblins
  8 hobgoblins
  3 quokkas
  5 bats
  4 frilled lizards
  3 kobolds
  5 rats
56 creatures vanquished.

Notes
Turn   | Place    | Note
-------+----------+-------------------------------------------
     0 | D:1      | Larett the Gargoyle Berserker began the quest for the Orb.
     0 | D:1      | Reached XP level 1. HP: 14/14 MP: 1/1
   334 | D:1      | Reached XP level 2. HP: 19/19 MP: 2/2
   355 | D:1      | Reached skill level 1 in Short Blades
   584 | D:1      | Reached XP level 3. HP: 23/23 MP: 3/3
   590 | D:1      | Reached skill level 2 in Short Blades
   809 | D:2      | Reached ** piety under Trog
   997 | D:2      | Noticed Ijyb
  1013 | D:2      | Killed Ijyb
  1013 | D:2      | Reached skill level 3 in Short Blades
  1013 | D:2      | Reached XP level 4. HP: 26/28 MP: 4/4
  1014 | D:2      | Found a sparkling altar of Nemelex Xobeh.
  1178 | D:2      | Found a faded altar of an unknown god.
  1229 | D:2      | Found a bloodstained altar of Trog.
  1331 | D:2      | Fell from the grace of Trog
  1331 | D:2      | Became a worshipper of Elyvilon the Healer
  1331 | D:2      | Reached * piety under Elyvilon
  1454 | D:3      | Gained mutation: Armour fits poorly on your strangely shaped body. [potion of mutation]
  1454 | D:3      | Gained mutation: Your flesh is cold resistant. (rC+) [potion of mutation]
  1454 | D:3      | Gained mutation: You are partially covered in large bone plates. (SH +4) [potion of mutation]
  2056 | D:3      | Reached XP level 5. HP: 23/32 MP: 5/5
  2174 | D:3      | Reached skill level 4 in Short Blades
  2263 | D:3      | Noticed a black bear
  2263 | D:3      | Noticed a polar bear
  2263 | D:3      | Noticed a black bear
  2263 | D:3      | Noticed a black bear
  2263 | D:3      | Noticed a polar bear
  2265 | D:3      | Elyvilon protects you from harm!
  2265 | D:3      | Elyvilon protects you from harm!
  2265 | D:3      | HP: 3/32 [polar bear[the rage of Trog] (4)]
  2267 | D:3      | Mangled by a polar bear

Skill      XL: |  1  2  3  4  5 |
---------------+----------------+-----
Short Blades   | 1 3 4 |  4.2
Fighting       | |  3.2
Maces & Flails | |  3.3
Armour         | |  2.1
Dodging        | |  1.5

Action                   |  1- 3 |  4- 6 || total
-------------------------+-------+-------++-------
Melee: Mace              |    17 |       ||    17
       Dagger            |    84 |    81 ||   165
Invok: Divine Protection |       |     1 ||     1
       Lesser Healing    |       |     1 ||     1
  Use: Scroll            |     2 |     6 ||     8
       Potion            |       |     1 ||     1
 Stab: Sleeping          |     1 |       ||     1
  Eat: Chunk             |       |     5 ||     5
Armor: Animal skin       |    32 |       ||    32
       Scale mail        |       |    33 ||    33
       Leather armour    |       |     1 ||     1
Dodge: Dodged            |    48 |    37 ||    85
Block: Other             |       |     9 ||     9
